TOP OF THE 1ST |
Baltimore Orioles batting - Pitching for Cleveland Guardians : RHP Risto Pandev
|
Pitching: RHP Risto Pandev
|
|
Batting: RHB Saimei Kudo
|
0-0: Ball 1-0: Ball 2-0: Ball 3-0: Called Strike 3-1: Base on Balls
|
Batting: RHB Tenshou Takita
|
0-0: Called Strike 0-1: Called Strike Saimei Kudo steals 2nd base 0-2: Ball 1-2: Ball Wild Pitch! Saimei Kudo to third 2-2: Ball 3-2: Ground out 5-3 (Groundball, 56S, EV 88.1 MPH) Saimei Kudo scores
|
Batting: RHB Rudo Garciaparra
|
0-0: Called Strike 0-1: Ball 1-1: SINGLE (Groundball, 34D, EV 101.2 MPH)
|
Batting: SHB Jason Hayes
|
0-0: Ball Rudo Garciaparra steals 2nd, throwing error, E2 Rudo Garciaparra to third 1-0: Foul Ball, location: 2F 1-1: Ball 2-1: Ground out 5-3 (Groundball, 5L, EV 87.5 MPH)
|
Batting: RHB Vince Jackson
|
0-0: Ball 1-0: Ball 2-0: Fly out, F7 (Line Drive, 7S, EV 95.0 MPH)
|
Top of the 1st over - 1 run, 1 hit, 1 error, 1 left on base; Baltimore 1 - Cleveland 0 |
BOTTOM OF THE 1ST |
Cleveland Guardians batting - Pitching for Baltimore Orioles : LHP Marko Emchenko
|
Pitching: LHP Marko Emchenko
|
|
Batting: LHB Arvin Dungca
|
0-0: Ground out U3 (Groundball, 34S, EV 92.5 MPH)
|
Batting: RHB Christian Blue
|
0-0: SINGLE (Line Drive, 9LS, EV 99.4 MPH)
|
Batting: RHB Nick Sharp
|
0-0: Grounds into double play, 5-4-3 (Groundball, 56, EV 82.5 MPH)
|
Bottom of the 1st over - 0 runs, 1 hit, 0 errors, 0 left on base; Baltimore 1 - Cleveland 0 |
TOP OF THE 2ND |
Baltimore Orioles batting - Pitching for Cleveland Guardians : RHP Risto Pandev
|
Batting: SHB Robert Handy
|
0-0: Called Strike 0-1: Ball 1-1: Foul Ball, location: 2F 1-2: Strikes out swinging
|
Batting: LHB Brian Feher
|
0-0: Called Strike 0-1: Ball 1-1: Fly out, F6 (Popup, 6MD, EV 67.5 MPH)
|
Batting: SHB Tony Prado
|
0-0: Called Strike 0-1: Swinging Strike 0-2: Ball 1-2: Foul Ball, location: 2F 1-2: Strikes out swinging
|
Top of the 2nd over - 0 runs, 0 hits, 0 errors, 0 left on base; Baltimore 1 - Cleveland 0 |
BOTTOM OF THE 2ND |
Cleveland Guardians batting - Pitching for Baltimore Orioles : LHP Marko Emchenko
|
Batting: LHB Danny Dunham
|
0-0: Ball 1-0: Foul Ball, location: 2F 1-1: Fly out, F5 (Popup, 56S, EV 83.1 MPH)
|
Batting: LHB Jack Bell
|
0-0: Foul Ball, location: 2F 0-1: Ground out 5-3 (Groundball, 56S, EV 83.1 MPH)
|
Batting: LHB Hector Pedroso
|
0-0: Ball 1-0: Swinging Strike 1-1: Foul Ball, location: 2F 1-2: Ball 2-2: Ball 3-2: SINGLE (Groundball, 34D, EV 100.6 MPH)
|
Batting: LHB John Harring
|
0-0: SINGLE (Groundball, 4MD, EV 97.5 MPH) Hector Pedroso to second
|
Batting: RHB Rick O'Reilly
|
0-0: Called Strike 0-1: Foul Ball, location: 2F 0-2: Ball 1-2: SINGLE (Groundball, 4M, EV 105.0 MPH) Hector Pedroso to third John Harring to second Runner from 3rd tries for Home, SAFE, throw by CF to home
|
Batting: RHB Danny Eberhart
|
0-0: Ball 1-0: Ball 2-0: Ball 3-0: Called Strike 3-1: Foul Ball, location: 2F 3-2: Strikes out looking
|
Bottom of the 2nd over - 1 run, 3 hits, 0 errors, 2 left on base; Baltimore 1 - Cleveland 1 |
TOP OF THE 3RD |
Baltimore Orioles batting - Pitching for Cleveland Guardians : RHP Risto Pandev
|
Batting: SHB Bran Stark
|
0-0: Fly out, F8 (Flyball, 8RM, EV 91.2 MPH)
|
Batting: RHB Saimei Kudo
|
0-0: Ball 1-0: Ball 2-0: Fly out, F7 (Flyball, 78S, EV 92.5 MPH)
|
Batting: RHB Tenshou Takita
|
0-0: Called Strike 0-1: Ball 1-1: Ball 2-1: Ball 3-1: Called Strike 3-2: Strikes out looking
|
Top of the 3rd over - 0 runs, 0 hits, 0 errors, 0 left on base; Baltimore 1 - Cleveland 1 |
BOTTOM OF THE 3RD |
Cleveland Guardians batting - Pitching for Baltimore Orioles : LHP Marko Emchenko
|
Batting: LHB Arvin Dungca
|
0-0: Fly out, F8 (Line Drive, 8RD, EV 109.4 MPH)
|
Batting: RHB Christian Blue
|
0-0: Ball 1-0: Ground out 5-3 (Groundball, 56S, EV 66.9 MPH)
|
Batting: RHB Nick Sharp
|
0-0: SINGLE (Groundball, 56S, EV 71.9 MPH) (infield hit)
|
Batting: LHB Danny Dunham
|
0-0: Foul Ball, location: 2F 0-1: SINGLE (Line Drive, 7S, EV 93.8 MPH) Nick Sharp to second Runner from 2nd tries for 3rd, OUT! 7-5
|
Bottom of the 3rd over - 0 runs, 2 hits, 0 errors, 1 left on base; Baltimore 1 - Cleveland 1 |
TOP OF THE 4TH |
Baltimore Orioles batting - Pitching for Cleveland Guardians : RHP Risto Pandev
|
Batting: RHB Rudo Garciaparra
|
0-0: Called Strike 0-1: Ball 1-1: Ball 2-1: Foul Ball, location: 2F 2-2: Foul Ball, location: 2F 2-2: Foul Ball, location: 2F 2-2: Ball 3-2: Base on Balls
|
Batting: SHB Jason Hayes
|
0-0: Swinging Strike 0-1: Swinging Strike 0-2: Ball 1-2: Ball 2-2: Ball 3-2: Foul Ball, location: 2F 3-2: Fly out, F8 (Flyball, 89D, EV 84.4 MPH)
|
Batting: RHB Vince Jackson
|
0-0: Called Strike Rudo Garciaparra steals 2nd base 0-1: Foul Ball, location: 2F 0-2: Foul Ball, location: 2F 0-2: Ball 1-2: Ball 2-2: Ball 3-2: Foul Ball, location: 2F 3-2: Strikes out looking
|
Batting: SHB Robert Handy
|
0-0: Foul Ball, location: 2F 0-1: Fly out, F8 (Flyball, 8LXD, EV 103.8 MPH)
|
Top of the 4th over - 0 runs, 0 hits, 0 errors, 1 left on base; Baltimore 1 - Cleveland 1 |
BOTTOM OF THE 4TH |
Cleveland Guardians batting - Pitching for Baltimore Orioles : LHP Marko Emchenko
|
Batting: LHB Jack Bell
|
0-0: Called Strike 0-1: Foul Ball, location: 2F 0-2: Ball 1-2: Ball 2-2: Ball 3-2: Foul Ball, location: 2F 3-2: Strikes out swinging
|
Batting: LHB Hector Pedroso
|
0-0: Ball 1-0: SINGLE (Line Drive, 89S, EV 98.1 MPH)
|
Batting: LHB John Harring
|
0-0: Ball 1-0: Fly out, F7 (Flyball, 78M, EV 90.6 MPH)
|
Batting: RHB Rick O'Reilly
|
0-0: Ball 1-0: SINGLE (Groundball, 56, EV 97.5 MPH) (infield hit) Hector Pedroso to second
|
Batting: RHB Danny Eberhart
|
0-0: Called Strike 0-1: Ball 1-1: Ball 2-1: 3-RUN HOME RUN (Flyball, 78XD, EV 99.4 MPH), Distance : 396 ft
|
Batting: LHB Arvin Dungca
|
0-0: Called Strike 0-1: Ball 1-1: Foul Ball, location: 2F 1-2: SINGLE (Line Drive, 4D, EV 103.8 MPH)
|
Batting: RHB Christian Blue
|
0-0: Foul Ball, location: 2F 0-1: Ball 1-1: Called Strike 1-2: Ground out 6-3 (Groundball, 56, EV 101.2 MPH)
|
Bottom of the 4th over - 3 runs, 4 hits, 0 errors, 1 left on base; Baltimore 1 - Cleveland 4 |
TOP OF THE 5TH |
Baltimore Orioles batting - Pitching for Cleveland Guardians : RHP Risto Pandev
|
Batting: LHB Brian Feher
|
0-0: Called Strike 0-1: Swinging Strike 0-2: Ball 1-2: Fly out, F5 (Popup, 25F, EV 83.8 MPH)
|
Batting: SHB Tony Prado
|
0-0: Foul Ball, location: 2F 0-1: Fly out, F8 (Flyball, 78S, EV 85.6 MPH)
|
Batting: SHB Bran Stark
|
0-0: Called Strike 0-1: Swinging Strike 0-2: Ball 1-2: Ball 2-2: Ball 3-2: Strikes out looking
|
Top of the 5th over - 0 runs, 0 hits, 0 errors, 0 left on base; Baltimore 1 - Cleveland 4 |
BOTTOM OF THE 5TH |
Cleveland Guardians batting - Pitching for Baltimore Orioles : LHP Marko Emchenko
|
Batting: RHB Nick Sharp
|
0-0: Ball 1-0: Swinging Strike 1-1: Foul Ball, location: 2F 1-2: Ball 2-2: Strikes out looking
|
Batting: LHB Danny Dunham
|
0-0: SINGLE (Groundball, 4MD, EV 108.8 MPH)
|
Batting: LHB Jack Bell
|
0-0: Called Strike 0-1: Ball 1-1: Ball 2-1: Ball 3-1: Fly out, F7 (Flyball, 7D, EV 82.5 MPH)
|
Batting: LHB Hector Pedroso
|
0-0: Ball 1-0: DOUBLE (Line Drive, 78M, EV 90.0 MPH) Danny Dunham to third Runner from 3rd tries for Home, SAFE, throw by CF to trailing runner, SAFE at third!
|
Pitching: RHP Juan Estrada
|
|
Batting: LHB John Harring
|
0-0: Ball 1-0: Ball 2-0: Called Strike 2-1: Called Strike 2-2: Ball 3-2: DOUBLE (Line Drive, 89D, EV 103.8 MPH) Hector Pedroso scores
|
Batting: RHB Rick O'Reilly
|
0-0: Fly out, F8 (Flyball, 8RM, EV 91.2 MPH)
|
Bottom of the 5th over - 2 runs, 3 hits, 0 errors, 1 left on base; Baltimore 1 - Cleveland 6 |
TOP OF THE 6TH |
Baltimore Orioles batting - Pitching for Cleveland Guardians : RHP Risto Pandev
|
Batting: RHB Saimei Kudo
|
0-0: Called Strike 0-1: Foul Ball, location: 2F 0-2: Ball 1-2: Ball 2-2: Ball 3-2: Fly out, F4 (Flyball, 4MD, EV 90.6 MPH)
|
Batting: RHB Tenshou Takita
|
0-0: Ball 1-0: Ball 2-0: SINGLE (Groundball, 6MD, EV 101.2 MPH)
|
Batting: RHB Rudo Garciaparra
|
0-0: Called Strike 0-1: Grounds into double play, 4-6-3 (Groundball, 34, EV 106.9 MPH)
|
Top of the 6th over - 0 runs, 1 hit, 0 errors, 0 left on base; Baltimore 1 - Cleveland 6 |
BOTTOM OF THE 6TH |
Cleveland Guardians batting - Pitching for Baltimore Orioles : RHP Juan Estrada
|
Batting: RHB Danny Eberhart
|
0-0: Swinging Strike 0-1: Ball 1-1: Ball 2-1: Swinging Strike 2-2: Strikes out swinging
|
Batting: LHB Arvin Dungca
|
0-0: Ground out 4-3 (Groundball, 4S, EV 79.4 MPH)
|
Batting: RHB Christian Blue
|
0-0: Ball 1-0: Called Strike 1-1: Fly out, F6 (Popup, 15S, EV 81.9 MPH)
|
Bottom of the 6th over - 0 runs, 0 hits, 0 errors, 0 left on base; Baltimore 1 - Cleveland 6 |
TOP OF THE 7TH |
Baltimore Orioles batting - Pitching for Cleveland Guardians : RHP Risto Pandev
|
Now at 2B: Danny Eberhart
|
|
Now at SS: Aaron Matthews
|
|
Now in LF: Rick O'Reilly
|
|
Batting: SHB Jason Hayes
|
0-0: Called Strike 0-1: Swinging Strike 0-2: Foul Ball, location: 2F 0-2: Ball 1-2: Fly out, F8 (Flyball, 8RM, EV 87.5 MPH)
|
Batting: RHB Vince Jackson
|
0-0: Called Strike 0-1: Called Strike 0-2: Ball 1-2: Foul Ball, location: 2F 1-2: Strikes out swinging
|
Batting: SHB Robert Handy
|
0-0: Ball 1-0: Foul Ball, location: 2F 1-1: Foul Ball, location: 2F 1-2: Foul Ball, location: 2F 1-2: Strikes out swinging
|
Top of the 7th over - 0 runs, 0 hits, 0 errors, 0 left on base; Baltimore 1 - Cleveland 6 |
BOTTOM OF THE 7TH |
Cleveland Guardians batting - Pitching for Baltimore Orioles : RHP Juan Estrada
|
Batting: RHB Nick Sharp
|
0-0: Foul Ball, location: 2F 0-1: Swinging Strike 0-2: Strikes out swinging, 2-3 out at first.
|
Batting: LHB Danny Dunham
|
0-0: Ball 1-0: DOUBLE (Flyball, 8LXD, EV 96.2 MPH)
|
Batting: LHB Jack Bell
|
0-0: Ball 1-0: Ball 2-0: Swinging Strike 2-1: Ball 3-1: Foul Ball, location: 2F 3-2: Foul Ball, location: 2F 3-2: Strikes out swinging
|
Batting: RHB Aaron Matthews
|
0-0: Ball 1-0: Foul Ball, location: 2F 1-1: Called Strike 1-2: DOUBLE (Line Drive, 89XD, EV 99.4 MPH) Danny Dunham scores
|
Batting: LHB John Harring
|
0-0: Foul Ball, location: 2F 0-1: Ball 1-1: Fly out, F5 (Flyball, 5D, EV 96.9 MPH)
|
Bottom of the 7th over - 1 run, 2 hits, 0 errors, 1 left on base; Baltimore 1 - Cleveland 7 |
TOP OF THE 8TH |
Baltimore Orioles batting - Pitching for Cleveland Guardians : RHP Risto Pandev
|
Pitching: RHP Ryan Southerland
|
|
Batting: LHB Brian Feher
|
0-0: Foul Ball, location: 2F 0-1: Ball 1-1: Ball 2-1: Swinging Strike 2-2: Ball 3-2: Strikes out swinging
|
Batting: SHB Tony Prado
|
0-0: Fly out, F7 (Line Drive, 7, EV 96.2 MPH)
|
Batting: SHB Bran Stark
|
0-0: Called Strike 0-1: Swinging Strike 0-2: Ball 1-2: Strikes out swinging
|
Top of the 8th over - 0 runs, 0 hits, 0 errors, 0 left on base; Baltimore 1 - Cleveland 7 |
BOTTOM OF THE 8TH |
Cleveland Guardians batting - Pitching for Baltimore Orioles : RHP Juan Estrada
|
Batting: RHB Rick O'Reilly
|
0-0: Ball 1-0: Ball 2-0: Ball 3-0: Called Strike 3-1: Base on Balls
|
Batting: RHB Danny Eberhart
|
0-0: Ball 1-0: Swinging Strike 1-1: Fly out, F7 (Flyball, 78S, EV 83.8 MPH)
|
Batting: LHB Arvin Dungca
|
0-0: Called Strike 0-1: Foul Ball, location: 2F 0-2: Strikes out swinging
|
Batting: RHB Christian Blue
|
0-0: Ball 1-0: Ball 2-0: Foul Ball, location: 2F 2-1: Swinging Strike 2-2: Strikes out swinging, 2-3 out at first.
|
Bottom of the 8th over - 0 runs, 0 hits, 0 errors, 1 left on base; Baltimore 1 - Cleveland 7 |
TOP OF THE 9TH |
Baltimore Orioles batting - Pitching for Cleveland Guardians : RHP Ryan Southerland
|
Batting: RHB Saimei Kudo
|
0-0: Called Strike 0-1: Ball 1-1: Ball 2-1: Ball 3-1: Called Strike 3-2: Foul Ball, location: 2F 3-2: Base on Balls
|
Batting: RHB Tenshou Takita
|
0-0: Called Strike 0-1: Called Strike 0-2: Ball 1-2: Foul Ball, location: 2F 1-2: Strikes out swinging
|
Batting: RHB Rudo Garciaparra
|
0-0: Foul Ball, location: 2F 0-1: Swinging Strike 0-2: Ball 1-2: Ball 2-2: Ball 3-2: Foul Ball, location: 2F 3-2: 2-RUN HOME RUN (Flyball, 7LD, EV 93.1 MPH), Distance : 362 ft
|
Batting: SHB Jason Hayes
|
0-0: Ball 1-0: Foul Ball, location: 2F 1-1: DOUBLE (Line Drive, 9LM, EV 90.6 MPH)
|
Batting: RHB Vince Jackson
|
0-0: Called Strike 0-1: Ball 1-1: Foul Ball, location: 2F 1-2: Strikes out swinging
|
Pitching: LHP Katsumi Omura
|
|
Batting: SHB Robert Handy
|
0-0: SINGLE (Groundball, 34D, EV 103.1 MPH) Jason Hayes to third
|
Pitching: RHP Paul Lewis
|
|
Batting: LHB Brian Feher
|
0-0: Called Strike 0-1: Ball 1-1: Ball 2-1: Ball 3-1: Swinging Strike 3-2: Foul Ball, location: 2F 3-2: Base on Balls Robert Handy to second
|
Batting: SHB Tony Prado
|
0-0: Ball 1-0: Ball 2-0: Called Strike 2-1: Ground out 4-3 (Groundball, 4, EV 83.1 MPH)
|
Top of the 9th over - 2 runs, 3 hits, 0 errors, 3 left on base; Baltimore 3 - Cleveland 7 |
|